Map: Last Fantasy LE

Players

ManlyManMeat

  • Race: Zerg Zerg
  • League: Diamond
  • Spawn Location: 7:00

VOD

Have the link to the VOD?

Description

Time

  • Played on: July 14, 2025, 6:08 p.m.
  • Length: 4:35
Show
View Real Time Build Order
Export as new Build Order

ManlyManMeat Zerg 

Build Orders:  

Get SALT Encoding   

  12  0:00  Drone  
  13  0:13  Drone  
  13  0:19  Extractor  
  13  0:20  Drone  
  15  0:31  Overlord  
  15  0:56  Drone  
  16  1:06  Hatchery  
  16  1:09  Drone  
  16  1:14  Drone  
  17  1:20  Drone  
  18  1:33  Extractor  
  17  1:41  Spawning Pool  
  16  1:51  Drone x2  
  18  2:00  Drone  
  19  2:20  Drone  
  20  2:30  Drone  
  21  2:50  Queen x2  
  21  2:51  Zergling x2  
  21  2:53  Overlord  
  26  3:02  Drone x2  
  28  3:19  Drone x2  
  30  3:31  Drone  
  30  3:32  Drone  
  32  3:44  Queen  
  34  3:53  Hatchery  
  34  3:59  Drone x2  
  35  4:01  Drone  
  35  4:08  Overlord  
Tags
 
Add a new tag
Caveats
  • Supply blocks, unpowered buildings, or Contaminate may cause inaccurate times.
  • Supply counts are checked every 10 seconds.